Map: New Repugnancy LE

Players

PeLLy - Winner!

  • Race: Zerg Zerg
  • League: Diamond
  • Spawn Location: 7:00

ItsAcidTime

  • Race: Terran Terran
  • League: Diamond
  • Spawn Location: 1:00

VOD

Have the link to the VOD?

Description

Time

  • Played on: Aug. 17, 2019, 5:02 p.m.
  • Length: 19:24
Show
View Real Time Build Order
Export as new Build Order

PeLLy Zerg - Winner!

Build Orders: Hatch First 

Get SALT Encoding   

  12  0:00  Drone  
  13  0:15  Overlord  
  13  0:23  Drone  
  14  0:33  Drone x2  
  16  0:44  Drone  
  17  0:54  Hatchery  
  17  0:57  Drone  
  17  1:12  Spawning Pool  
  17  1:14  Drone  
  17  1:17  Extractor  
  16  1:20  Drone  
  16  1:25  Drone  
  18  1:32  Drone  
  19  1:42  Overlord  
  19  1:54  Drone  
  20  2:02  Queen  
  20  2:04  Zergling x2  
  20  2:07  Queen, Zergling x2  
  26  2:16  Zergling x2  
  26  2:22  Drone  
  28  2:26  Drone  
  28  2:28  Drone  
  30  2:39  Overlord x2  
  30  2:46  Drone  
  31  3:04  Drone x3  
  34  3:10  Drone x2  
  36  3:14  Metabolic Boost  
  36  3:19  Lair  
  36  3:21  Drone, Hatchery  
  36  3:24  Drone  
  36  3:26  Drone  
  38  3:34  Drone x3  
  41  3:48  Drone x7  
  46  3:52  Extractor, Drone  
  46  3:53  Extractor  
  47  3:59  Drone  
  48  4:06  Queen  
  50  4:13  Evolution Chamber  
  50  4:14  Evolution Chamber  
  48  4:24  Drone x4  
  49  4:26  Overlord  
  49  4:27  Overlord x2  
  52  4:50  Queen  
  52  4:51  Drone x9  
  63  4:54  Extractor  
  63  4:55  Extractor  
  61  5:00  Infestation Pit  
  61  5:03  Extractor, Baneling Nest  
  58  5:08  Drone x3  
  58  5:09  Drone x2  
  58  5:14  Zerg Missile Weapons Level 1  
  63  5:17  Roach Warren  
  62  5:31  Zergling x18  
  62  5:32  Spine Crawler x2  
  69  5:48  Drone  
  64  6:10  Roach  
  64  6:11  Roach x8  
  82  6:13  Zerg Melee Weapons Level 1, Overlord x2  
  82  6:14  Overlord  
  82  6:15  Glial Reconstitution  
  82  6:25  Spine Crawler  
  81  6:38  Drone x5  
  81  6:39  Drone  
  87  6:46  Baneling x6  
  87  6:47  Baneling x4  
  86  7:01  Roach x5  
  96  7:03  Overlord x2  
  96  7:04  Overlord x2  
  96  7:11  Infestation Pit  
  96  7:12  Spire  
  96  7:14  Hive  
  94  7:16  Zerg Missile Weapons Level 2  
  92  7:34  Roach x13  
  118  7:45  Hydralisk Den  
  117  7:52  Queen  
  117  7:54  Queen  
  117  7:57  Hatchery  
  120  8:19  Hydralisk x4  
  120  8:22  Overlord x4  
  128  8:38  Centrifical Hooks  
  128  8:43  Ravager x4  
  123  9:07  Roach x13  
  147  9:13  Grooved Spines  
  143  9:43  Ravager  
  143  9:45  Ravager  
  139  9:46  Hydralisk x2, Ravager  
  139  9:47  Hydralisk x10  
  147  10:11  Hydralisk x7  
  161  10:24  Muscular Augments  
  161  10:28  Extractor  
  160  10:29  Drone x4  
  160  10:30  Extractor  
  163  10:39  Hatchery  
  162  10:44  Hydralisk x3  
  162  10:49  Overlord x2  
  168  10:53  Zerg Melee Weapons Level 2  
  168  11:00  Zerg Missile Weapons Level 3  
  166  11:29  Queen  
  166  11:31  Drone x8  
  176  11:33  Overlord x3  
  176  11:34  Overlord x2  
  176  11:58  Extractor, Greater Spire  
  176  11:59  Spine Crawler x2, Adrenal Glands  
  176  12:01  Zergling x6  
  176  12:03  Spore Crawler  
  175  12:24  Drone  
  175  12:25  Drone x5  
  181  12:34  Zergling x30  
  196  12:37  Ravager x3  
  196  12:38  Ravager  
  113  14:07  Mutalisk x8  
  113  14:08  Mutalisk x4  
  126  14:17  Zergling x12  
  126  14:21  Extractor  
  131  14:25  Ravager x5  
  131  14:26  Ravager x8  
  104  15:07  Mutalisk x15  
  134  15:20  Mutalisk x2  
  138  15:30  Zergling x8  
  138  15:32  Queen x2  
  138  15:33  Queen  
  138  16:03  Zergling x2  
  138  16:04  Zergling x16  
  145  16:06  Baneling  
  145  16:07  Baneling x5  
  145  16:08  Queen  
  94  16:28  Zergling x14  
  91  16:50  Hatchery  
  91  16:54  Baneling x15  
  90  16:55  Baneling x13  
  90  16:58  Hatchery  
  89  17:02  Hydralisk  
  89  17:03  Hydralisk  
  89  17:06  Zergling x4  
  89  17:07  Zergling x10  
  100  17:29  Hydralisk x5  
  104  17:52  Hydralisk x5  
  104  17:55  Zergling x10  
  91  18:45  Hydralisk x10  
  104  18:59  Zergling x10  
Show
View Real Time Build Order
Export as new Build Order

ItsAcidTime Terran 

Build Orders: Reaper Expand 

Get SALT Encoding   

  12  0:02  SCV  
  13  0:18  SCV, Supply Depot  
  14  0:37  SCV  
  15  0:43  Barracks  
  15  0:49  SCV  
  16  0:58  Refinery  
  16  1:01  SCV  
  17  1:13  SCV  
  18  1:23  Supply Depot  
  18  1:25  SCV  
  19  1:40  Reaper  
  19  1:41  Orbital Command  
  20  1:47  Refinery  
  20  2:01  Command Center  
  20  2:12  Marine  
  21  2:17  SCV  
  22  2:29  SCV  
  23  2:30  Factory  
  23  2:34  Marine  
  24  2:41  SCV  
  25  2:53  SCV  
  25  3:00  Marine  
  26  3:05  SCV  
  26  3:09  Engineering Bay  
  27  3:15  Factory Tech Lab  
  27  3:18  Starport, SCV  
  28  3:27  Factory Reactor  
  28  3:29  Barracks Tech Lab  
  28  3:30  SCV  
  28  3:48  Orbital Command  
  28  3:49  SCV  
  28  3:53  Marine, Stimpack  
  30  3:56  Terran Infantry Weapons Level 1  
  30  4:01  SCV  
  31  4:11  Marine  
  31  4:13  SCV, Factory Tech Lab  
  33  4:22  Medivac x2  
  37  4:28  Marine  
  37  4:31  Barracks  
  38  4:43  Siege Tank  
  41  4:46  Marine  
  42  4:53  Barracks, SCV  
  42  4:54  SCV  
  44  5:04  Supply Depot, Marine  
  45  5:14  Liberator  
  45  5:20  Barracks Reactor  
  45  5:22  Marine  
  45  5:26  Siege Tank  
  45  5:27  Barracks, Supply Depot  
  49  5:35  SCV x2  
  54  5:42  Supply Depot  
  54  5:49  SCV, Marine x2  
  53  6:04  Supply Depot  
  53  6:06  Marine  
  53  6:07  Marine  
  51  6:12  Siege Tank  
  54  6:22  Barracks Reactor, Marine x2  
  54  6:24  Marine x2  
  58  6:27  Supply Depot  
  58  6:28  Refinery  
  58  6:40  Marine x2  
  58  6:42  Marine x2  
  62  6:50  Siege Tank  
  65  6:58  SCV x2, Marine x2  
  65  7:00  Marine x2  
  71  7:10  SCV x2  
  73  7:15  Marine  
  73  7:16  Marine  
  73  7:18  Marine x2  
  73  7:20  Terran Infantry Armor Level 1  
  73  7:22  SCV, Siege Tank  
  81  7:24  Armory, Command Center  
  81  7:25  Marine x2  
  75  7:33  Marine  
  75  7:34  Marine  
  75  7:35  Marine  
  75  7:36  Liberator, Marine  
  79  7:42  Marine  
  79  7:43  Marine  
  81  7:51  Marine  
  81  7:52  Marine  
  86  8:17  Supply Depot  
  86  8:35  Marine x6  
  86  8:36  Siege Tank, Medivac  
  86  8:40  Supply Depot  
  97  8:53  Marine x5  
  97  8:58  Liberator  
  68  9:03  Supply Depot  
  62  9:14  Medivac  
  67  9:19  Siege Tank  
  67  9:20  Marine x4  
  72  9:27  Liberator  
  67  9:42  Marine x6  
  73  9:51  Command Center  
  69  9:54  Siege Tank  
  69  9:59  Marine  
  72  10:00  Marine x5  
  78  10:17  Marine  
  78  10:18  SCV x2, Marine x5  
  86  10:25  Refinery  
  86  10:26  Siege Tank  
  89  10:35  Marine  
  89  10:36  Marine x2  
  89  10:42  Marine x3  
  95  10:46  SCV x2  
  97  10:53  Marine x2  
  97  10:54  Marine  
  100  10:59  Marine  
  100  11:02  Marine x2  
  100  11:03  Siege Tank  
  106  11:11  Marine x3  
  106  11:17  Marine  
  100  11:33  Supply Depot  
  100  11:34  Supply Depot  
  100  11:35  Siege Tank, Marine x6  
  100  11:37  Terran Infantry Weapons Level 2  
  100  11:39  Medivac  
  111  11:40  Medivac  
  111  11:43  Orbital Command  
  113  11:52  Marine  
  113  11:53  Marine  
  115  11:57  Supply Depot  
  115  11:59  Supply Depot  
  115  12:04  Marine  
  115  12:05  Marine x3  
  115  12:07  Siege Tank  
  122  12:09  Medivac  
  122  12:10  Terran Vehicle Weapons Level 1, Medivac, Marine  
  122  12:11  Marine  
  122  12:14  SCV x2  
  130  12:15  SCV  
  130  12:22  Marine x4  
  132  12:28  Marine x2  
  137  12:36  Orbital Command  
  137  12:39  Siege Tank  
  137  12:40  SCV, Marine x3  
  137  12:41  SCV x2  
  146  12:49  Supply Depot  
  146  12:52  Supply Depot  
  146  12:53  SCV x2  
  139  13:14  Siege Tank  
  130  13:46  Siege Tank  
  131  13:59  Marine  
  131  14:00  Marine x5  
  122  14:17  Marine  
  122  14:18  Siege Tank, Medivac, Marine x5  
  128  14:35  Marine  
  128  14:36  Marine x4  
  133  14:42  Marine  
  127  14:50  Siege Tank  
  119  14:53  Marine x4  
  119  14:54  Marine  
  112  15:00  Marine  
  98  15:11  Marine x5  
  97  15:18  Marine  
  81  15:28  Marine  
  81  15:29  Marine x4  
  81  15:31  Thor  
  84  15:35  Marine  
  84  15:41  Factory  
  84  15:43  Refinery  
  84  15:46  Marine  
  84  15:47  Marine x4  
  82  15:53  Marine  
  81  16:04  Marine  
  81  16:05  Marine x4  
  67  16:11  Marine  
  67  16:14  Thor  
  60  16:22  Marine x3  
  53  16:27  Marine  
  53  16:28  Marine  
  53  16:29  Marine  
  50  16:39  Medivac x2  
  54  16:40  Marine x3  
  54  16:45  Marine x2  
  54  16:46  SCV  
  54  16:47  SCV x2, Marine  
  63  16:57  Thor  
  63  16:58  Refinery, SCV, Marine x3  
  63  16:59  SCV x2  
  75  17:03  Marine x2  
  75  17:04  Marine  
  78  17:11  Command Center, SCV  
  79  17:15  Marine  
  79  17:18  Marine x2  
  79  17:20  Marine  
  79  17:21  Marine  
  79  17:22  Marine  
  76  17:33  Marine  
  76  17:36  Marine x2  
  78  17:40  Siege Tank  
  81  17:55  Engineering Bay  
  81  17:57  Engineering Bay  
  81  18:04  Marine  
  81  18:05  Marine x4  
  86  18:12  Siege Tank  
  48  18:54  Marine  
  48  18:55  Marine x5  
Tags
 
Add a new tag
Caveats
  • Supply blocks, unpowered buildings, or Contaminate may cause inaccurate times.
  • Supply counts are checked every 10 seconds.